cohdb
Replays
Latest Replays
All Replays
Popular Replays
Top Player Replays
Match Explorer
How It Works
Community
CoH3 Stats
Reddit
Sign in to upload your games and track your stats! →
Sign in with Steam
Torrente = Kursk
Match 17459806
Overview
Messages
Build Orders
End
Kradschützen Motorcycle Team
Selects Italian Infantry
250 Light Carrier
Construct Light Support Kompanie
Assault Grenadier Squad
Assault Grenadier Squad
Selects Guastatori Squad
Selects L6/40 Light Tank Combat Group
L6/40 Light Tank Combat Group
Fire Support Elements
le.IG 18 Mechanized Group
Combat Half-tracks
Guastatori Squad
Selects Defensive Operations
Guastatori Squad
Construct Panzerarmee Kommand
Panzer III L Medium Tank
Selects Territory Booby Traps
Selects Obice 305mm Barrage
Panzer III L Medium Tank
Emergency Repair Kits
Panzer III L Medium Tank
Obice 305mm Barrage
Vehicle Survival Package
Panzer III L Medium Tank
Obice 305mm Barrage
Panzer III L Medium Tank
Panzer III L Medium Tank
Obice 305mm Barrage
Panzer III L Medium Tank
Obice 305mm Barrage
Panzer III L Medium Tank
Rapid Advance
Panzer III L Medium Tank
Obice 305mm Barrage
Advanced Optics
Panzer III L Medium Tank
Panzer III L Medium Tank
twitch.tv/BlueSkidrow™
Evelynn
DanielD
Twister
0
0
Comments
sign in to comment!
No comments posted yet!